 Dungeon Crawl Stone Soup version 0.24-a0-317-g5cb8de4 (webtiles) character file.

Game seed: 15678308641068671865

307 Borgoz the Slasher (level 6, 0/52 HPs)
             Began as a Hill Orc Gladiator on May 16, 2019.
             Slain by Natasha (8 damage)
             ... on level 2 of the Dungeon.
             The game lasted 00:02:09 (1548 turns).

Borgoz the Slasher (Hill Orc Gladiator)             Turns: 1548, Time: 00:02:10

Health: 0/52       AC:  5    Str: 14 (17) XL:     6   Next: 40%
Magic:  6/6        EV: 13    Int:  7 (8)  God:
Gold:   74         SH:  0    Dex: 13 (14) Spells: 5/5 levels left

rFire    . . .     SeeInvis .   a - +0 long sword
rCold    . . .     Gourm    .   (no shield)
rNeg     . . .     Faith    .   b - +0 leather armour
rPois    .         Spirit   .   c - +1 helmet
rElec    +         Reflect  .   (no cloak)
rCorr    +         Harm     .   (no gloves)
MR       .....                  (no boots)
Stlth    +.........             (no amulet)
HPRegen  0.00/turn              k - ring of resist corrosion
MPRegen  0.10/turn              (no ring)

@: flying
A: electricity resistance, inhibited regeneration, wild magic 1, MP-powered
wands
a: no special abilities


You were on level 2 of the Dungeon.
You were not hungry.

You visited 1 branch of the dungeon, and saw 2 of its levels.

You collected 74 gold pieces.

Inventory:

Hand Weapons
 a - a +0 long sword (weapon)
Armour
 b - a +0 leather armour (worn)
 c - a +1 helmet (worn)
Jewellery
 k - a ring of resist corrosion (left hand)
Scrolls
 e - 3 scrolls of teleportation
 h - a scroll of immolation {unknown}
 i - a scroll of blinking {unknown}
 j - a scroll of magic mapping {unknown}
 m - a scroll of remove curse {unknown}
 p - a scroll of identify {unknown}
Comestibles
 f - 2 rations
 g - 3 chunks of flesh


   Skills:
 + Level 4.0 Fighting
 * Level 5.4 Long Blades
 - Level 1.7 Throwing
 + Level 2.7 Armour
 + Level 3.3 Dodging


You had 5 spell levels left.
You didn't know any spells.
Your spell library was empty.

Dungeon Overview and Level Annotations

Branches:
Dungeon (2/15)

Altars:

Annotations:
D:2 Natasha


Innate Abilities, Weirdness & Mutations

You are resistant to electric shocks. (rElec)
You do not regenerate when monsters are visible.
Your spells are a little harder to cast, but a little more powerful.
You expend magic power (3 MP) to strengthen your wands.


Message History

The white imp hits you but does no damage.
Okay, then.
It was a potion of degeneration.
There was something very wrong with that liquid.
You feel weakened.
You feel dopey.
You feel clumsy.
Natasha extends her claws.
Natasha claws you.
* * * LOW HITPOINT WARNING * * *
The goblin shoots a stone.
The stone hits you.
* * * LOW HITPOINT WARNING * * *
The white imp misses you.
It was a potion of flight.
You feel very buoyant.
You fly up into the air.
Natasha closely misses you. The white imp misses you.
It was a potion of mutation.
You feel extremely strange.
You feel your magical essence link to your wands.
You feel less in control of your magic.
Your regeneration stops near monsters.
You feel insulated. Natasha claws you!
You die...

### .... .......
# ###.#.#.......
# #.............
# #.............
# #.............
# #.............
# #....>gh......
# #.....@.......
# #.....5..#####
# #....(....# #
#...###...# ##
####..##.##..#
#.
#.........#..#
##.
....###....##.##
#..
##.##......#..#
##.# #
#.........##
#..#


You could see Natasha, a white imp and a goblin.

Vanquished Creatures
  Sigmund (D:2)
  An ogre (D:2)
  2 adders (D:2)
  A gnoll (D:1)
  2 dart slugs (D:1)
  6 goblins
  5 hobgoblins (D:1)
  4 jackals (D:1)
  A quokka (D:2)
  6 bats
  3 kobolds (D:1)
  4 rats
36 creatures vanquished.

Notes
Turn   | Place    | Note
-------+----------+-------------------------------------------
     0 | D:1      | Borgoz the Hill Orc Gladiator began the quest for the Orb.
     0 | D:1      | Reached XP level 1. HP: 18/18 MP: 1/1
   248 | D:1      | Reached XP level 2. HP: 25/25 MP: 2/2
   599 | D:1      | Reached skill level 1 in Armour
   612 | D:1      | Reached XP level 3. HP: 11/30 MP: 3/3
   928 | D:1      | Reached skill level 4 in Long Blades
  1169 | D:2      | Noticed Sigmund
  1191 | D:2      | Killed Sigmund
  1191 | D:2      | Reached skill level 5 in Long Blades
  1191 | D:2      | Reached XP level 4. HP: 6/40 MP: 4/4
  1191 | D:2      | Reached XP level 5. HP: 7/46 MP: 5/5
  1531 | D:2      | Noticed an ogre
  1532 | D:2      | Noticed Natasha
  1540 | D:2      | Killed an ogre
  1540 | D:2      | Reached XP level 6. HP: 16/52 MP: 6/6
  1548 | D:2      | Gained mutation: You expend magic power (3 MP) to
                  | strengthen your wands. [potion of mutation]
  1548 | D:2      | Gained mutation: Your spells are a little harder to cast,
                  | but a little more powerful. [potion of mutation]
  1548 | D:2      | Gained mutation: You do not regenerate when monsters are
                  | visible. [potion of mutation]
  1548 | D:2      | Gained mutation: You are resistant to electric shocks.
                  | (rElec) [potion of mutation]
  1548 | D:2      | Slain by Natasha

Levels and vault maps discovered:
D:1:      minmay_arrival_plants_in_alcoves, layout_basic
D:2:      layout_basic, serial_forest, infiniplex_forest_straight_5,
          infiniplex_forest_straight_3, infiniplex_forest_straight_5,
          infiniplex_forest_clump_tiny, infiniplex_forest_clump_curved,
          infiniplex_forest_straight_4, infiniplex_forest_lined_2,
          minmay_three_crescents, uniq_crazy_yiuf_cottage, uniq_sigmund,
          uniq_natasha

Skill      XL: |  1  2  3  4  5 |
---------------+----------------+-----
Armour         | 1 2 |  2.7
Long Blades    | 5 |  5.4
Fighting       | 3 4 |  4.0
Dodging        | 3 |  3.3
Throwing       | |  1.7

Action                   |  1- 3 |  4- 6 || total
-------------------------+-------+-------++-------
Melee: Long sword        |    78 |    21 ||    99
Throw: Throwing net      |     5 |     2 ||     7
  Use: Scroll            |     2 |       ||     2
       Potion            |     1 |     3 ||     4
 Stab: Held in net/web   |     1 |       ||     1
  Eat: Chunk             |     1 |     1 ||     2
Armor: Leather armour    |    25 |     9 ||    34
Dodge: Dodged            |    51 |    30 ||    81
       Rpst.: Long sword |    16 |     8 ||    24

Table legend:
 A = Non-vault XP
 B = Vault XP
 C = Vault XP percentage of total XP
 D = Non-vault monster count
 E = Vault monster count
 F = Vault count percentage of total count
                 A         B        C        D         E       F
            +---------+---------+-------+---------+---------+-------
      Total |     185 |     254 |  57.9 |      30 |       6 |  16.7
            +---------+---------+-------+---------+---------+-------
        D:1 |      61 |       0 |   0.0 |      27 |       0 |   0.0
        D:2 |     124 |     254 |  67.2 |       3 |       6 |  66.7
            +---------+---------+-------+---------+---------+-------
